 Dungeon Crawl Stone Soup version 0.18.1-5-g4a78601 (webtiles) character file.

727 George the Carver (level 7, -2/50 HPs)
             Began as a Demonspawn Gladiator on May 10, 2016.
             Slain by an ice beast (11 damage)
             ... on level 5 of the Dungeon.
             The game lasted 00:09:47 (4594 turns).

George the Carver (Demonspawn Gladiator)            Turns: 4594, Time: 00:09:48

Health: -2/50      AC: 12    Str: 17      XL:     7   Next: 44%
Magic:  0/7        EV:  7    Int:  8 (10) God:
Gold:   222        SH:  0    Dex: 12 (13) Spells: 0 memorised, 6 levels left

rFire  . . .     SeeInvis .     a - +0 long sword
rCold  . . .     Gourm    .     G - +0 chain mail
rNeg   . . .     Faith    .     (no shield)
rPois  .         Spirit   +     (helmet restricted)
rElec  .         Dismiss  .     J - +2 cloak
rCorr  +         Reflect  .     D - +0 pair of gloves
SustAt .         Harm     .     (no boots)
MR     .....                    (no amulet)
Stlth  ..........               (no ring)
                                g - ring of resist corrosion

@: not resistant to hostile enchantments, extremely unstealthy
A: antennae 2, talons 1, magic shield, magic regeneration
a: no special abilities


You were on level 5 of the Dungeon.
You were not hungry.

You visited 1 branch of the dungeon, and saw 5 of its levels.

You collected 222 gold pieces.

Inventory:

Hand Weapons
 a - a +0 long sword (weapon)
 q - a +0 short sword
Missiles
 d - 3 throwing nets (quivered)
Armour
 D - a +0 pair of gloves (worn)
 G - a +0 chain mail (worn)
 J - a +2 cloak (worn)
Jewellery
 g - a ring of resist corrosion (left hand)
Wands
 C - a wand of iceblast (8/15)
Scrolls
 h - 5 scrolls of remove curse {unknown}
 i - 2 scrolls of recharging {unknown}
 j - 2 scrolls of immolation {unknown}
 m - a scroll of fog {unknown}
 o - a scroll of amnesia {unknown}
 p - 2 scrolls of blinking {unknown}
 r - a scroll of magic mapping {unknown}
 u - 3 scrolls of enchant armour {unknown}
 v - 5 scrolls of identify {unknown}
 y - 2 scrolls of teleportation {unknown}
 E - a scroll of fear {unknown}
Potions
 s - a potion of lignification {unknown}
 w - 2 potions of cure mutation {unknown}
 A - a potion of berserk rage {unknown}
 H - a potion of ambrosia {unknown}
 I - a potion of magic {unknown}
Comestibles
 f - 2 bread rations
 z - 2 meat rations
 B - a beef jerky
 K - 2 chunks of flesh


   Skills:
 - Level 2.0 Fighting
 + Level 8.1 Long Blades
 - Level 1.7 Throwing
 - Level 2.6 Dodging


You had 6 spell levels left.
You didn't know any spells.

Dungeon Overview and Level Annotations

Branches:
Dungeon (5/15)
 Temple: D:4-7

Altars:

Shops:
D:4 =


Innate Abilities, Weirdness & Mutations

You have a pair of antennae on your head.
You have sharp toenails.
When hurt, damage is shared between your health and your magic reserves.
You regenerate magic rapidly.


Message History

Your chain mail prevents you from hitting the ice beast.
The ice beast is severely wounded.
The ice beast hits you. The ice beast freezes you!
You are too injured to fight recklessly!
You are too injured to fight recklessly!
You are too injured to fight recklessly!
You hit the ice beast but do no damage.
The ice beast is severely wounded.
The ice beast hits you but does no damage.
You hit the ice beast.
The ice beast is almost dead.
The ice beast hits you. The ice beast freezes you!
* * * LOW HITPOINT WARNING * * *
Your chain mail prevents you from hitting the ice beast.
Your kick misses the ice beast.
The ice beast is almost dead.
The ice beast hits you.
* * * LOW HITPOINT WARNING * * *
The ice beast freezes you!
You die...

#.....#
#)###.#
##...## #.#
#.# ##.## #.#
#.# .. ..#
#.# ### #.#
#.#
#.###.####.#
##.##.......#
#).....######
#.@##.##
#.Y##.#
#..##.#
#..##.#
#..##.#
....#.#
#...#.#
#...#.#


You could see an ice beast.

Vanquished Creatures
  The ghost of ThereIsNoGod the Sneak, an amateur OpTm (D:4)
  Duvessa (D:4)
  A giant frog (D:4)
  Dowan (D:4)
  A scorpion (D:4)
  A howler monkey (D:4)
  2 orc priests (D:4)
  Crazy Yiuf (D:4)
  A centaur skeleton (D:4)
  Robin (D:4)
  An adder (D:3)
  3 oozes
  A worm (D:4)
  3 dart slugs
  5 giant geckos
  2 orcs (D:4)
  3 giant cockroaches
  10 hobgoblins
  6 jackals
  5 kobolds
  9 bats
  A giant newt (D:2)
  11 goblins
  A jackal skeleton (D:4)
  2 quokka skeletons (D:4)
  10 rats
  A fungus (D:4)
85 creatures vanquished.

Notes
Turn   | Place    | Note
--------------------------------------------------------------
     0 | D:1      | George the Demonspawn Gladiator began the quest for the Orb.
     0 | D:1      | Reached XP level 1. HP: 16/16 MP: 1/1
    98 | D:1      | Reached skill level 3 in Long Blades
   146 | D:1      | Gained mutation: When hurt, damage is shared between your health and your magic reserves. [demonic ancestry]
   146 | D:1      | Reached XP level 2. HP: 21/22 MP: 2/2
   602 | D:1      | Gained mutation: You have a pair of small antennae on your head. [demonic ancestry]
   602 | D:1      | Reached XP level 3. HP: 24/27 MP: 3/3
   770 | D:1      | Reached skill level 4 in Long Blades
  2036 | D:3      | Gained mutation: You have a pair of antennae on your head. [demonic ancestry]
  2036 | D:3      | Reached XP level 4. HP: 29/33 MP: 4/4
  2646 | D:4      | Noticed Robin
  2708 | D:4      | Reached skill level 5 in Long Blades
  2739 | D:3      | Gained mutation: You regenerate magic rapidly. [demonic ancestry]
  2739 | D:3      | Reached XP level 5. HP: 11/38 MP: 2/5
  3003 | D:4      | Killed Robin
  3033 | D:4      | Noticed ThereIsNoGod's ghost (amateur OpTm)
  3108 | D:4      | Killed ThereIsNoGod's ghost
  3108 | D:4      | Reached skill level 6 in Long Blades
  3108 | D:4      | Reached XP level 6. HP: 37/44 MP: 4/6
  3673 | D:4      | Found Cuun's Jewellery Shoppe.
  3673 | D:4      | Noticed Duvessa
  3674 | D:4      | Noticed Dowan
  3688 | D:4      | Killed Duvessa
  3688 | D:4      | Reached skill level 7 in Long Blades
  3705 | D:4      | Killed Dowan
  3705 | D:4      | Gained mutation: You have sharp toenails. [demonic ancestry]
  3705 | D:4      | Reached XP level 7. HP: 16/50 MP: 4/7
  4415 | D:4      | Noticed Crazy Yiuf
  4422 | D:4      | Killed Crazy Yiuf
  4475 | D:4      | Reached skill level 8 in Long Blades
  4507 | D:5      | Entered Level 5 of the Dungeon
  4594 | D:5      | Slain by an ice beast

Skill      XL: |  1  2  3  4  5  6  7 |
---------------+----------------------+-----
Long Blades    | 3 4 5 6 7 8 |  8.1
Fighting       | |  2.0
Throwing       | |  1.7
Dodging        | |  2.6

Action                   |  1- 3 |  4- 6 |  7- 9 || total
-------------------------+-------+-------+-------++-------
Melee: Long sword        |   150 |   149 |    47 ||   346
       Kick              |       |       |    17 ||    17
  Use: Potion            |       |     3 |       ||     3
 Stab: Sleeping          |       |     1 |       ||     1
  Eat: Chunk             |     4 |     5 |     3 ||    12
Armor: Leather armour    |    33 |       |       ||    33
       Scale mail        |       |    40 |       ||    40
       Chain mail        |       |    30 |    18 ||    48
Dodge: Dodged            |   123 |    74 |    12 ||   209
